 Dungeon Crawl Stone Soup version 0.24-a0-584-g9d6b971ae4 (webtiles) character file.

Game seed: 18196125681174475030, levelgen mode: deterministic

137 BigAxe the Chopper (level 5, -2/70 HPs)
             Began as a Hill Orc Berserker on Sept 6, 2019.
             Was a Believer of Trog.
             Slain by an ogre
             ... wielding a +0 giant club
              (8 damage)
             ... on level 3 of the Dungeon.
             The game lasted 00:04:19 (2622 turns).

BigAxe the Chopper (Hill Orc Berserker)             Turns: 2622, Time: 00:04:19

Health: -2/70      AC:  5    Str: 26    XL:     5   Next: 20%
Magic:  5/5        EV: 11    Int:  7    God:    Trog [**....]
Gold:   121        SH:  0    Dex: 10    Spells: 4/4 levels left

rFire    . . .     SeeInvis .   a - +0 hand axe
rCold    . . .     Gourm    .   (no shield)
rNeg     . . .     Faith    .   d - +0 ring mail
rPois    .         Spirit   .   (no helmet)
rElec    .         Reflect  .   (no cloak)
rCorr    .         Harm     .   (no gloves)
MR       .....                  (no boots)
Stlth    ..........             (no amulet)
HPRegen  0.21/turn              (no ring)
MPRegen  0.09/turn              (no ring)

@: berserking, very quick
A: no striking features
a: Berserk, Trog's Hand, Renounce Religion


You were on level 3 of the Dungeon.
You worshipped Trog.
Trog was pleased with you.
You were very hungry.

You visited 1 branch of the dungeon, and saw 3 of its levels.

You collected 121 gold pieces.

Inventory:

Hand Weapons
 a - a +0 hand axe (weapon)
Armour
 b - a +0 animal skin
 d - a +0 ring mail (worn)
Scrolls
 h - 2 scrolls of remove curse
 i - a scroll of teleportation
 k - a scroll of magic mapping {unknown}
Potions
 e - 3 potions of agility
 f - a potion of degeneration {unknown}
 g - a potion of curing
 j - a potion of invisibility {unknown}
Comestibles
 c - 4 rations


   Skills:
 + Level 4.7 Fighting
 + Level 5.2 Axes
 + Level 3.7 Armour
 + Level 2.1 Dodging


You had 4 spell levels left.
You didn't know any spells.
Your spell library was empty.

Dungeon Overview and Level Annotations

Branches:
Dungeon (3/15)

Altars:
Uskayaw


Message History

The ogre is lightly wounded.
The ogre barely misses you.
A red film seems to cover your vision as you go berserk!
You feel yourself moving faster!
You feel mighty!
You are feeling very hungry.
You barely miss the ogre.
The ogre is lightly wounded.
The ogre hits you with a +0 giant club!
* * * LOW HITPOINT WARNING * * *
You barely miss the ogre.
The ogre is lightly wounded.
You slash the ogre!
The ogre is heavily wounded.
The ogre barely misses you.
You hit the ogre.
The ogre is heavily wounded.
You slash the ogre!
The ogre is severely wounded.
The ogre hits you with a +0 giant club!
You die...

.###....#..###
.......8.. #........#
........ #..##....#
.....8. #.# #....##
..... ##.######... ....
..#.....# #.). .g#
........###.). # #O#
#######.......
....###@#########...#...
........)>.....####.....
##..###.####............
# #......########...
######## #... #... ###


You could see an ogre and a hobgoblin.

Vanquished Creatures
  A hound (D:3)
  Terence (D:3)
  3 adders (D:2)
  3 worms (D:2)
  An orc (D:2)
  7 bats
  A giant cockroach (D:3)
  3 hobgoblins
  2 jackals (D:3)
  2 kobolds
  A quokka (D:2)
  A ball python (D:3)
  5 frilled lizards
  9 goblins
  8 rats
48 creatures vanquished.

Notes
Turn   | Place    | Note
-------+----------+-------------------------------------------
     0 | D:1      | BigAxe the Hill Orc Berserker began the quest for the Orb.
     0 | D:1      | Reached XP level 1. HP: 19/19 MP: 1/1
   242 | D:1      | Reached XP level 2. HP: 25/27 MP: 2/2
   906 | D:2      | Reached XP level 3. HP: 33/33 MP: 3/3
   929 | D:2      | Found a hide-covered altar of Uskayaw.
  1456 | D:2      | Reached XP level 4. HP: 34/40 MP: 4/4
  1486 | D:2      | Found a faded altar of an unknown god.
  1654 | D:2      | Reached skill level 5 in Axes
  1921 | D:2      | Reached ** piety under Trog
  2545 | D:3      | Noticed Terence
  2563 | D:3      | Killed Terence
  2563 | D:3      | Reached XP level 5. HP: 46/47 MP: 5/5
  2610 | D:3      | Noticed an ogre
  2622 | D:3      | Slain by an ogre

Levels and vault maps discovered:
D:1:      arrival_zaba_pyramid, layout_basic, minivault_14
D:2:      wander_river, layout_rooms, eat_drink_and_be_merry_uskayaw,
          first_ration, serial_co_window_serial, co_window_paths_a,
          co_window_paths_b, co_window_paths_a, co_window_cross_1,
          co_window_corner_a, co_window_corner_b, co_window_2corner,
          co_window_cross_3, co_window_sun, glass_columns_b, glass_columns_c,
          chequers_ecumenical_altar_simple_redux
D:3:      layout_rooms, zin_statuary, uniq_terence

Skill      XL: |  1  2  3  4 |
---------------+-------------+-----
Fighting       | 4 |  4.7
Armour         | 3 |  3.7
Axes           | 5 |  5.2
Dodging        | 2 |  2.1

Action                   |  1- 3 |  4- 6 || total
-------------------------+-------+-------++-------
Melee: Hand axe          |   104 |    88 ||   192
Invok: Berserk           |     1 |     2 ||     3
  Use: Scroll            |     2 |       ||     2
       Potion            |     2 |       ||     2
  Eat: Ration            |     1 |     1 ||     2
Armor: Ring mail         |    38 |    28 ||    66
       Animal skin       |     6 |       ||     6
Dodge: Dodged            |    77 |    59 ||   136

Table legend:
 A = Non-vault XP
 B = Vault XP
 C = Vault XP percentage of total XP
 D = Non-vault monster count
 E = Vault monster count
 F = Vault count percentage of total count
                 A         B        C        D         E       F
            +---------+---------+-------+---------+---------+-------
      Total |     159 |      38 |  19.3 |      47 |       1 |   2.1
            +---------+---------+-------+---------+---------+-------
        D:1 |      30 |       0 |   0.0 |      20 |       0 |   0.0
        D:2 |      68 |       0 |   0.0 |      15 |       0 |   0.0
        D:3 |      61 |      38 |  38.4 |      12 |       1 |   7.7
            +---------+---------+-------+---------+---------+-------
